AoeStats
← zamithdaniel

Black Forest

505592157Analyzed
3v3 RM · 23d ago on Sep 10, 2026· 75m 42s· 6 players
Game mode
Random Map
Map size
Normal (6 player)
Population
200
Speed
Normal
Resources
Standard
Victory
Conquest
Starting age
Dark Age
Ending age
Imperial Age
RankedLock teamsTeams togetherTeam positionsShared explorationLock speedFull tech treeHidden civsTurbo modeCheats
Victory
Defeat
🇲🇽 Wei · Mexico
849
+15
752
+19
🇵🇬 Japanese · Papua New Guinea
725
+21
🇨🇴 Britons · Colombia
861
-20
🇨🇴 Turks · Colombia
852
-19
🇨🇴 Persians · Colombia
774
-16
zamithdaniel
12:21 Feudal Age
12:51 Double-Bit Axe
12:49 Horse Collar
14:43 Wheelbarrow
13:55 Loom
20:12 Castle Age
21:42 Bow Saw
26:23 Gold Mining
26:26 Stone Mining
27:30 Fortified Wall
33:29 Imperial Age
31:50 Wheelbarrow
31:02 Town Watch
34:32 Ballistics
34:15 Padded Archer Armor
34:25 Forging
34:21 Scale Barding Armor
35:57 Two-Man Saw
36:24 Hand Cart
37:32 Artillery
37:53 Conscription
36:54 Elite Janissary
38:16 Leather Archer Armor
38:37 Iron Casting
38:43 Gold Shaft Mining
41:24 Bloodlines
41:15 Husbandry
41:50 Ring Archer Armor
42:21 Blast Furnace
41:41 Chain Barding Armor
52:05 Plate Barding Armor
Griffith
2:42 Loom
13:28 Feudal Age
24:39 Castle Age
32:22 Scale Barding Armor
32:29 Forging
32:24 Double-Bit Axe
33:17 Wheelbarrow
32:31 Town Watch
36:30 Imperial Age
34:30 Chain Barding Armor
34:45 Iron Casting
34:40 Hand Cart
36:12 Bloodlines
36:02 Husbandry
36:17 Horse Collar
36:08 Cavalier
39:55 Savar
44:49 Onager
47:07 Plate Barding Armor
47:38 Blast Furnace
47:14 Gold Mining
59:19 Conscription
67:01 Pikeman
67:41 Squires
71:53 Halberdier
Dovahkyn
4:21 Loom
14:51 Feudal Age
22:11 Castle Age
22:00 Double-Bit Axe
22:12 Fishing Lines
26:02 Fletching
30:29 Gillnets
34:11 Gold Mining
34:15 Stone Mining
34:47 Crossbowman
36:16 Wheelbarrow
35:28 Town Watch
37:00 Fortified Wall
37:11 Ballistics
36:33 Treadmill Crane
39:58 Imperial Age
37:34 Horse Collar
38:25 Pikeman
39:53 Pikeman
40:35 Squires
40:22 Gambesons
40:36 Bodkin Arrow
40:41 Padded Archer Armor
40:51 Forging
40:42 Scale Mail Armor
49:39 Heavy Plow
52:51 Elite Longbowman
53:51 Conscription
53:30 Arbalester
56:54 Bracer
58:27 Yeomen
61:11 Chemistry
60:30 Leather Archer Armor
60:31 Elite Skirmisher
62:38 Ring Archer Armor
62:56 Hand Cart
iD SharKy
0:29 Loom
14:33 Feudal Age
22:14 Castle Age
29:29 Double-Bit Axe
30:43 Bloodlines
29:54 Light Cavalry
30:34 Husbandry
30:00 Elite Skirmisher
30:06 Pikeman
30:34 Arson
31:56 Squires
32:02 Horse Collar
37:05 Imperial Age
35:41 Town Watch
36:32 Wheelbarrow
39:13 Town Patrol
39:39 Ballistics
40:19 Chemistry
39:52 Parthian Tactics
39:46 Halberdier
62:48 Heavy Hei Guang Cavalry
66:21 Scale Barding Armor
drip_trpz #Grandma Peek
11:25 Feudal Age
16:00 Castle Age
14:47 Double-Bit Axe
15:15 Forging
18:28 Husbandry
29:33 Wheelbarrow
30:44 Gold Mining
30:46 Stone Mining
33:55 Imperial Age
31:54 Bloodlines
32:31 Iron Casting
32:02 Scale Barding Armor
32:17 Caravan
34:17 Chain Barding Armor
33:39 Heavy Camel Rider
35:55 Chemistry
35:36 Conscription
39:27 Heavy Scorpion
44:30 Blast Furnace
44:06 Plate Barding Armor
47:15 Hand Cart
46:46 Town Watch
47:25 Ballistics
70:52 Kamandaran
71:02 Citadels
71:34 Gold Shaft Mining
LyricLearner240
1:22 Loom
17:45 Feudal Age
18:15 Double-Bit Axe
18:24 Stone Mining
18:40 Horse Collar
19:04 Gold Mining
18:38 Man-at-Arms
20:53 Arson
27:47 Castle Age
26:50 Fletching
27:02 Padded Archer Armor
28:02 Forging
29:33 Bodkin Arrow
30:01 Crossbowman
31:52 Leather Archer Armor
44:04 Imperial Age
45:46 Conscription
45:36 Thumb Ring
45:31 Murder Holes
48:00 Ballistics
48:42 Chemistry
48:07 Capped Ram
50:34 Elite Samurai
64:04 Elite Skirmisher
64:07 Arbalester
64:52 Bracer
65:23 Ring Archer Armor
64:55 Scale Mail Armor
65:30 Iron Casting
67:13 Fortified Wall
67:12 Scale Barding Armor
72:27 Kataparuto
75:25 Masonry
74:56 Treadmill Crane
Connection lost

Rejoining the realm…

Still unreachable

The connection could not be restored.

Session expired

The server has moved on; the page needs a fresh start.